 Dungeon Crawl Stone Soup version 0.22.0-16-gc6d26f6 (webtiles) character file.

1908 sking99 the Sneak (level 9, 0/63 HPs)
             Began as an Octopode Transmuter on Aug 17, 2018.
             Was an Initiate of Ru.
             Succumbed to a gnoll's poison
             ... on level 7 of the Dungeon.
             The game lasted 00:13:34 (8441 turns).

sking99 the Sneak (Octopode Transmuter)             Turns: 8441, Time: 00:13:35

Health: 0/63       AC:  1    Str:  8 (9)  XL:     9   Next: 16%
Magic:  17/21      EV: 15    Int: 17 (19) God:    Ru [......]
Gold:   305        SH:  0    Dex: 12 (15) Spells: 6/12 levels left

rFire    + . .     SeeInvis .     - Unarmed
rCold    + . .     Gourm    .   (no shield)
rNeg     . . .     Faith    .   (helmet restricted)
rPois    .         Spirit   .   (no amulet)
rElec    .         Reflect  .   f - ring of protection from cold
rCorr    .         Harm     .   m - ring of magical power
MR       .....                  h - +3 ring of intelligence
Stlth    ++++......             q - ring of protection from fire
HPRegen  0.20/turn              (no ring)
MPRegen  0.17/turn              (no ring)
                                (no ring)
                                (no ring)

@: lethally poisoned (0 -> -17), berserk cooldown, very slightly contaminated,
slowed, very slow
A: almost no armour, stealthy swim, amphibious, 8 rings, constrict 8, camouflage
1, gelatinous body 1
a: Renounce Religion


You were on level 7 of the Dungeon.
You worshipped Ru.
Ru was noncommittal.
You were not hungry.

You visited 2 branches of the dungeon, and saw 8 of its levels.

You collected 305 gold pieces.

Inventory:

Missiles
 a - 72 arrows
Jewellery
 f - a ring of protection from cold (left tentacle)
 h - a +3 ring of intelligence (on tentacle)
 m - a ring of magical power (right tentacle)
 q - a ring of protection from fire (on tentacle)
Wands
 l - a wand of iceblast (9)
Scrolls
 b - a scroll of remove curse
 e - a scroll of blinking
 r - 3 scrolls of teleportation
Potions
 g - 2 potions of haste
 i - a potion of might
 n - a potion of mutation
 o - 3 potions of invisibility
 p - a potion of agility
Comestibles
 c - 11 rations
 s - 7 chunks of flesh


   Skills:
 - Level 6.3 Fighting
 + Level 5.2 Dodging
 + Level 6.5 Stealth
 + Level 6.2 Unarmed Combat
 - Level 2.0 Spellcasting
 - Level 4.1 Transmutations
 - Level 2.0 Poison Magic


You had 6 spell levels left.
You knew the following spells:

 Your Spells              Type           Power        Failure   Level  Hunger
a - Beastly Appendage     Tmut           ###...       3%          1    #......
b - Sticks to Snakes      Tmut           ###.....     5%          2    ###....
c - Spider Form           Tmut/Pois      ##........   17%         3    ###....

Your spell library contained the following spells:

 Spells                   Type           Power        Failure   Level  Hunger
 Confuse                  Hex            #.......     50%         3    ###....
 Tukima's Dance           Hex            #.......     50%         3    ###....
 Blade Hands              Tmut           ###.......   69%         5    ######.
 Ice Form                 Ice/Tmut       #.......     63%         4    #####..
 Ensorcelled Hibernation  Hex/Ice        #.....       28%         2    ###....
 Corona                   Hex            #......      19%         1    #......
 Dazzling Spray           Conj/Hex       #.....       50%         3    ###....


Dungeon Overview and Level Annotations

Branches:
Dungeon (7/15)             Temple (1/1) D:6

Altars:
Ashenzari
Cheibriados
Dithmenos
Elyvilon
Fedhas
Gozag
Hepliaklqana
Kikubaaqudgha
Makhleb
Nemelex Xobeh
Okawaru
Qazlal
Ru
Sif Muna
Trog
Uskayaw
Vehumet
Wu Jian
Xom
Yredelemnul
Zin
The Shining One


Innate Abilities, Weirdness & Mutations

You cannot wear most types of armour.
You are very stealthy in the water. (Stealth+)
You are amphibious.
You can wear up to eight rings at the same time.
You can use your tentacles to constrict eight enemies at once.
Your skin changes colour to match your surroundings (Stealth+).
Your rubbery body absorbs attacks. (AC +1, EV +1)


Message History

* * * LOW HITPOINT WARNING * * *
You feel sick.
You see here a spear of venom.
You feel a strong urge to attack something.
* * * LOW HITPOINT WARNING * * *
You feel sick.
Found 19 bolts.
* * * LOW HITPOINT WARNING * * *
You feel sick.
You are too berserk!
You feel your anger nearly subside.
You are no longer berserk.
You are exhausted.
You feel yourself slow down.
* * * LOW HITPOINT WARNING * * *
You feel sick.
Okay, then.
As you read the scroll labeled JYTOLE XYPIU, it crumbles to dust.
It is a scroll of enchant armour.
You aren't carrying any armour which can be enchanted further.
You die...

#.# ..# ..# ..
##.## ##...#####
#########
#..†......
#......@#####...#
..#####...)<)..##
#..####)## #...
..# #(... ...
##.#..#.#.
#.#....#.#
#....... . #.#
...# ..


There were no monsters in sight!

Vanquished Creatures
  A phantom (D:5)
  5 ogres
  A centaur (D:6)
  2 scorpions
  6 killer bees
  A howler monkey (D:5)
  2 crimson imps
  A bullfrog zombie (D:5)
  2 hounds
  A quasit (D:4)
  4 orc priests
  Crazy Yiuf (D:4)
  A gnoll shaman (D:7)
  A centaur skeleton (D:7)
  7 orc wizards
  2 worker ants (D:4)
  A hound zombie (D:6)
  A worker ant zombie (D:5)
  7 adders
  5 gnolls (D:7)
  An adder skeleton (D:5)
  A dart slug (D:2)
  2 worms
  9 leopard geckos
  34 orcs
  2 ball pythons (D:2)
  11 bats
  4 giant cockroaches
  9 goblins
  9 hobgoblins
  2 quokkas
  8 frilled lizards
  9 kobolds
  A leopard gecko skeleton (D:4)
  A leopard gecko zombie (D:5)
  6 rats
161 creatures vanquished.

Vanquished Creatures (others)
  Menkaure (D:4)
  An adder (D:4)
  An orc (D:4)
3 creatures vanquished.

Grand Total: 164 creatures vanquished

Notes
Turn   | Place    | Note
-------+----------+-------------------------------------------
     0 | D:1      | sking99 the Octopode Transmuter began the quest for the Orb.
     0 | D:1      | Reached XP level 1. HP: 13/13 MP: 3/3
   221 | D:1      | Reached XP level 2. HP: 9/18 MP: 5/5
   229 | D:1      | Learned a level 2 spell: Sticks to Snakes
  1136 | D:1      | Found a sparkling altar of Nemelex Xobeh.
  1266 | D:2      | Reached XP level 3. HP: 23/23 MP: 6/6
  1271 | D:2      | Learned a level 3 spell: Spider Form
  1309 | D:2      | Found a basalt altar of Yredelemnul.
  1564 | D:2      | Reached skill level 1 in Poison Magic
  2220 | D:3      | Reached XP level 4. HP: 27/28 MP: 7/7
  3131 | D:4      | Noticed an ogre
  3134 | D:4      | Reached XP level 5. HP: 33/33 MP: 8/8
  3145 | D:4      | Killed an ogre
  3220 | D:4      | Reached XP level 6. HP: 11/41 MP: 9/9
  3362 | D:4      | Killed Menkaure
  3883 | D:4      | Found a runed door.
  4031 | D:4      | Reached XP level 7. HP: 22/47 MP: 10/10
  4506 | D:4      | Noticed Crazy Yiuf
  4517 | D:4      | Killed Crazy Yiuf
  4609 | D:5      | Entered Level 5 of the Dungeon
  5567 | D:4      | Reached skill level 5 in Fighting
  5808 | D:5      | Reached XP level 8. HP: 53/55 MP: 11/11
  5829 | D:5      | Reached skill level 5 in Dodging
  6519 | D:5      | Reached skill level 1 in Stealth
  7031 | D:6      | Found a radiant altar of Vehumet.
  7031 | D:6      | Found a snail-covered altar of Cheibriados.
  7154 | D:6      | Found a staircase to the Ecumenical Temple.
  7169 | Temple   | Entered the Ecumenical Temple
  7320 | Temple   | Became a worshipper of Ru the Awakened
  7560 | D:6      | Reached skill level 5 in Unarmed Combat
  8062 | D:6      | Reached skill level 5 in Stealth
  8117 | D:6      | Reached XP level 9. HP: 51/63 MP: 12/12
  8119 | D:6      | Found a burning altar of Makhleb.
  8120 | D:6      | Found a sparkling altar of Nemelex Xobeh.
  8121 | D:6      | Found a bloodstained altar of Trog.
  8440 | D:7      | HP: 3/63 [poisoned by a gnoll]
  8441 | D:7      | Succumbed to a gnoll's poison

Skill      XL: |  1  2  3  4  5  6  7  8  9 |
---------------+----------------------------+-----
Unarmed Combat | 4 5 6 |  6.2
Poison Magic   | 1 2 |  2.0
Transmutations | 3 4 |  4.1
Fighting       | 2 3 5 6 |  6.3
Dodging        | 3 4 5 |  5.2
Stealth        | 5 6 |  6.5
Spellcasting   | |  2.0

Action                   |  1- 3 |  4- 6 |  7- 9 || total
-------------------------+-------+-------+-------++-------
Melee: Unarmed           |    95 |   116 |   279 ||   490
       Constrict         |    25 |     9 |    26 ||    60
       Tentacles         |    11 |     4 |    22 ||    37
       Punch             |     4 |     3 |     4 ||    11
       Kick              |       |       |     9 ||     9
 Cast: Beastly Appendage |     4 |       |     8 ||    12
       Spider Form       |       |    10 |    25 ||    35
       Sticks to Snakes  |       |       |     3 ||     3
 Abil: End Transformatio |       |       |     2 ||     2
  Use: Scroll            |       |    10 |     6 ||    16
       Potion            |       |     2 |     2 ||     4
 Stab: Sleeping          |     7 |     6 |     3 ||    16
       Distracted        |       |     1 |       ||     1
  Eat: Chunk             |     4 |     7 |    11 ||    22
       Ration            |       |       |     2 ||     2
Armor: Skin              |    15 |    11 |     7 ||    33
Dodge: Dodged            |    59 |    77 |   273 ||   409
